details: 'West TW vs UD'

« prev index next »

General information

Mini Map

Players

team 1
HumanWeLossBot (pink | 63 APM | 2244 actions | 35:24)
Hero icon 4 Archmage
Ability icon 2 Blizzard
Ability icon 2 Brilliance Aura
Hero icon 3 Blood Mage
Ability icon 2 Flame Strike
Ability icon 1 Siphon Mana
Hero icon 2 Pit Lord
Ability icon 1 Rain of Fire
Ability icon 1 Howl of Terror

» actions
Assign group hotkey60
Basic commands36
Build / train157
Enter build submenu63
Enter hero's abilities submenu9
Give item / drop item7
Remove unit from queue2
Right click1037
Select / deselect525
Select group hotkey104
Use ability244
2244 total
» units
Peasant36
Footman5
Sorceress2
Priest2
Dragonhawk Rider13
Goblin Shredder1
59 total
» upgrades
Masonry2
Sorceress Training2
Priest Training2
Lumber Harvesting1
Armor1
Swords1
Magic Sentry1
Animal War Training1
11 total
» buildings
Altar of Kings3
Barracks1
Farm9
Scout Tower89
Lumber Mill1
Arcane Tower1
Guard Tower36
Arcane Vault5
Town Hall3
Keep1
Arcane Sanctum1
Blacksmith1
Castle1
Gryphon Aviary7
159 total
» build order
00:10 Altar of Kings
00:22 Barracks
00:38 Farm
01:18 Farm
01:40 Farm
01:51 Farm
02:16 Scout Tower
02:37 Scout Tower
02:39 Scout Tower
02:44 Lumber Mill
03:37 Arcane Tower
03:48 Farm
03:56 Guard Tower
04:01 Arcane Vault
05:06 Farm
05:09 Scout Tower
05:10 Scout Tower
05:37 Farm
05:40 Guard Tower
06:28 Farm
06:33 Scout Tower
06:34 Scout Tower
06:35 Scout Tower
06:35 Scout Tower
06:36 Scout Tower
06:37 Scout Tower
06:59 Scout Tower
07:09 Guard Tower
07:16 Guard Tower
07:53 Guard Tower
08:01 Guard Tower
08:23 Town Hall
09:05 Scout Tower
09:05 Scout Tower
09:06 Scout Tower
09:06 Scout Tower
09:32 Scout Tower
09:33 Scout Tower
09:33 Scout Tower
09:35 Keep
09:55 Scout Tower
09:59 Scout Tower
10:04 Scout Tower
10:33 Guard Tower
10:57 Guard Tower
11:59 Scout Tower
12:00 Scout Tower
12:01 Scout Tower
12:33 Guard Tower
12:34 Scout Tower
12:35 Scout Tower
12:36 Scout Tower
12:43 Arcane Sanctum
12:46 Blacksmith
12:50 Guard Tower
12:52 Scout Tower
12:53 Scout Tower
12:54 Scout Tower
13:18 Guard Tower
13:20 Guard Tower
13:28 Guard Tower
14:31 Arcane Vault
14:33 Arcane Vault
14:37 Castle
15:00 Guard Tower
15:02 Scout Tower
15:02 Scout Tower
15:02 Scout Tower
15:03 Scout Tower
15:17 Scout Tower
15:18 Scout Tower
15:19 Scout Tower
15:20 Scout Tower
17:02 Scout Tower
17:03 Scout Tower
17:04 Scout Tower
17:05 Scout Tower
17:47 Guard Tower
17:49 Scout Tower
17:50 Scout Tower
17:51 Scout Tower
17:51 Scout Tower
18:27 Guard Tower
19:01 Scout Tower
19:02 Scout Tower
19:02 Scout Tower
19:10 Town Hall
19:13 Guard Tower
19:16 Guard Tower
20:09 Guard Tower
20:11 Scout Tower
20:11 Scout Tower
20:12 Scout Tower
21:08 Scout Tower
21:09 Scout Tower
21:09 Scout Tower
21:10 Scout Tower
21:10 Scout Tower
21:10 Scout Tower
21:13 Scout Tower
21:13 Scout Tower
21:14 Scout Tower
21:14 Scout Tower
21:15 Scout Tower
21:15 Scout Tower
21:41 Guard Tower
21:43 Arcane Vault
21:51 Scout Tower
21:52 Scout Tower
21:52 Scout Tower
21:53 Scout Tower
21:53 Scout Tower
22:11 Guard Tower
22:13 Town Hall
22:17 Guard Tower
22:23 Guard Tower
22:27 Scout Tower
22:28 Scout Tower
22:28 Scout Tower
22:29 Scout Tower
22:29 Scout Tower
22:29 Scout Tower
22:31 Guard Tower
22:47 Guard Tower
22:50 Scout Tower
22:50 Scout Tower
22:51 Scout Tower
23:47 Guard Tower
24:07 Guard Tower
24:17 Arcane Vault
24:21 Scout Tower
24:22 Scout Tower
24:23 Scout Tower
24:23 Scout Tower
24:59 Guard Tower
25:38 Guard Tower
25:49 Guard Tower
25:57 Guard Tower
26:40 Guard Tower
28:34 Gryphon Aviary
28:36 Gryphon Aviary
28:38 Gryphon Aviary
29:38 Gryphon Aviary
29:55 Gryphon Aviary
29:56 Gryphon Aviary
30:17 Scout Tower
30:18 Scout Tower
30:18 Scout Tower
30:19 Scout Tower
30:19 Scout Tower
31:11 Gryphon Aviary
31:18 Farm
31:25 Guard Tower
31:39 Guard Tower
31:40 Guard Tower
31:45 Altar of Kings
32:55 Guard Tower
33:07 Altar of Kings
» items
Scroll of Regeneration5
Boots of Speed3
Staff of Teleportation3
Ivory Tower3
Periapt of Vitality2
Potion of Healing8
Lesser Clarity Potion1
Potion of Mana2
Scroll of Town Portal2
Staff of Sanctuary3
Circlet of Nobility1
Potion of Lesser Invulnerability1
34 total
team 2
Random» Undeadfakde (blue | 49 APM | 1716 actions | 35:11)
Hero icon 4 Pandaren Brewmaster
Ability icon 3 Breath of Fire
Ability icon 1 Drunken Haze
Hero icon 4 Lich
Ability icon 2 Frost Nova
Ability icon 2 Dark Ritual

» actions
Assign group hotkey19
Basic commands37
Build / train61
Enter build submenu29
Enter hero's abilities submenu9
Give item / drop item1
Right click888
Select / deselect457
Select group hotkey138
Use ability77
1716 total
» units
Acolyte10
Ghoul15
Forest Troll Shadow Priest1
Meatwagon5
Frost Wyrm8
39 total
» upgrades
Cannibalize1
Ghoul Frenzy1
Unholy Armor3
Freezing Breath1
6 total
» buildings
Altar of Darkness1
Crypt2
Ziggurat14
Halls of the Dead1
Black Citadel1
Graveyard1
Slaughterhouse2
Sacrificial Pit1
Boneyard2
Spirit Tower3
28 total
» build order
00:08 Altar of Darkness
00:10 Crypt
00:26 Ziggurat
00:58 Crypt
01:31 Ziggurat
02:55 Halls of the Dead
03:21 Ziggurat
04:22 Ziggurat
05:51 Black Citadel
07:28 Ziggurat
08:32 Graveyard
11:04 Slaughterhouse
11:24 Slaughterhouse
13:09 Ziggurat
19:04 Sacrificial Pit
19:39 Ziggurat
19:41 Ziggurat
19:42 Ziggurat
21:51 Boneyard
21:57 Boneyard
22:32 Ziggurat
22:34 Ziggurat
23:05 Ziggurat
23:55 Spirit Tower
23:57 Spirit Tower
27:40 Ziggurat
31:36 Ziggurat
32:59 Spirit Tower